 Dungeon Crawl Stone Soup version 0.31-a0-1549-g5ff9445e89 (webtiles) character file.

Game seed: 4700512961257021713

100669 Laraso the Warrior (level 16, -6/152 HPs)
             Began as a Hill Orc Fighter on Jan 2, 2024.
             Was the Champion of Beogh.
             Mangled by a ten-headed hydra (7 damage)
             ... on level 3 of the Lair of Beasts on Jan 3, 2024.
             The game lasted 00:39:34 (24344 turns).

Laraso the Warrior (Hill Orc Fighter)              Turns: 24344, Time: 00:39:34

Health: -6/152     AC: 21    Str: 26    XL:     16   Next: 28%
Magic:  24/24      EV: 14    Int: 11    God:    Beogh [******]
Gold:   2480       SH: 24    Dex: 20    Spells: 6/15 levels left

rFire   + + .        a - +1 war axe (distort)
rCold   x . .        x - +0 tower shield
rNeg    + . .        T - +0 fire dragon scales
rPois   .            o - +1 helmet
rElec   .            k - +0 cloak
rCorr   .            g - +0 pair of gloves
SInv    .            M - +0 pair of boots
Will    +....        d - amulet "Kufis" {Reflect rN+ SH+5} Stlth
                     Q - ring "Faosun" {Str+6 Int+4}
HPRegen 0.45/turn    J - ring of flight
MPRegen 0.19/turn

%: reflection
@: flying, studying Invocations
A: walk on water, agile 1, MP-powered wands
a: Renounce Religion, Smiting, Recall Orcish Followers, Give Item to Named
Follower, Resurrection


You were on level 3 of the Lair of Beasts.
You worshipped Beogh.
Beogh was exalted by your worship.
You visited 4 branches of the dungeon, and saw 23 of its levels.
You visited the Abyss 1 time.

You collected 3844 gold pieces.
You spent 1364 gold pieces at shops.

Inventory:

Hand Weapons
 a - a +1 war axe of distortion (weapon)
 w - a +6 demon blade
Armour
 g - a +0 pair of gloves (worn)
 k - a +0 cloak (worn)
 o - a +1 helmet (worn)
 x - a +0 tower shield (worn)
 D - +0 ice dragon scales
 M - a +0 pair of boots (worn)
 T - +0 fire dragon scales (worn)
 X - a +2 pair of boots
Jewellery
 c - a +5 ring of evasion
 d - the amulet "Kufis" (around neck) {Reflect rN+ SH+5}
   (You found it on level 12 of the Dungeon)

   [amulet of reflection]

   Reflect:   It reflects blocked missile attacks.
   rN+:       It protects you from negative energy.
   SH+5:      It affects your SH (+5).
 l - a ring of protection from cold
 m - a ring of willpower
 v - a ring of see invisible
 y - a +6 ring of strength
 z - a ring of protection from fire
 J - a ring of flight (right hand)
 Q - the ring "Faosun" (left hand) {Str+6 Int+4}
   (You took it off an orc on level 10 of the Dungeon)

   [ring of strength]

   Str+6:     It affects your strength (+6).
   Int+4:     It affects your intelligence (+4).
 S - the ring "Ixereuza" {rElec rN+ Will+ AC+4 Str-5}
   (You took it off an orc warrior on level 10 of the Dungeon)

   [ring of protection]

   AC+4:      It affects your AC (+4).
   Str-5:     It affects your strength (-5).
   rElec:     It insulates you from electricity.
   rN+:       It protects you from negative energy.
   Will+:     It increases your willpower.
Wands
 A - a wand of digging (8)
 F - a wand of charming (24)
 H - a wand of polymorph (26)
 I - a wand of mindburst (11)
 K - a wand of flame (26)
 R - a wand of acid (13)
 U - a wand of iceblast (28)
Scrolls
 b - 4 scrolls of identify
 h - a scroll of poison
 r - 2 scrolls of enchant armour
 t - 2 scrolls of amnesia
 B - 4 scrolls of fear
 C - 4 scrolls of blinking
 E - a scroll of revelation
 G - a scroll of butterflies
 L - 2 scrolls of fog
 O - a scroll of silence
 P - a scroll of torment
 V - 3 scrolls of vulnerability
 W - 8 scrolls of teleportation
Potions
 e - 3 potions of attraction
 f - 13 potions of curing
 i - 2 potions of invisibility
 j - 5 potions of haste
 n - 2 potions of enlightenment
 p - a potion of mutation
 q - 2 potions of magic
 s - a potion of lignification
 u - a potion of resistance
 N - 4 potions of might
 Y - 2 potions of brilliance


   Skills:
 - Level 16.5 Fighting
 - Level 16.0 Axes
 - Level 16.0 Armour
 - Level 8.0 Dodging
 * Level 12.7 Shields
 + Level 11.7 Invocations


You had 6 spell levels left.
You knew the following spells:

 Your Spells              Type           Power      Damage    Failure   Level
a - Animate Armour        Summ/Erth      0%         N/A       100%        4
b - Blink                 Tloc           0%         N/A       96%         2
s - Swiftness             Air            0%         N/A       99%         3

Your spell library contained the following spells:

 Spells                   Type           Power      Damage    Failure   Level
 Apportation              Tloc           0%         N/A       88%         1
 Magic Dart               Conj           0%         1d3       88%         1
 Shock                    Conj/Air       0%         1d3       88%         1
 Slow                     Hex            0%         N/A       88%         1
 Summon Small Mammal      Summ           0%         N/A       88%         1
 Call Imp                 Summ           0%         N/A       96%         2
 Cigotuvi's Dreadful Rot  Necr/Alch/Air  0%         N/A       96%         2
 Jinxbite                 Hex            0%         N/A       96%         2
 Mercury Vapours          Alch/Air       0%         N/A       96%         2
 Call Canine Familiar     Summ           0%         N/A       99%         3
 Confusing Touch          Hex            0%         N/A       99%         3
 Hailstorm                Conj/Ice       0%         3d5       99%         3
 Mephitic Cloud           Conj/Alch/Air  0%         N/A       99%         3
 Sigil of Binding         Hex            0%         N/A       99%         3
 Summon Ice Beast         Ice/Summ       0%         N/A       99%         3
 Vampiric Draining        Necr           0%         2d6       99%         3
 Manifold Assault         Tloc           0%         N/A       100%        4
 Summon Blazeheart Golem  Fire/Summ      0%         N/A       100%        4
 Summon Lightning Spire   Summ/Air       0%         N/A       100%        4
 Alistair's Intoxication  Alch           0%         N/A       100%        5
 Freezing Cloud           Conj/Ice/Air   0%         6-21      100%        5
 Lee's Rapid Deconstruct  Erth           0%         3d4*      100%        5
 Conjure Ball Lightning   Conj/Air       0%         3x3d6     100%        6
 Dispersal                Tloc           0%         N/A       100%        6
 Sculpt Simulacrum        Ice/Alch       0%         N/A       100%        6
 Discord                  Hex            0%         N/A       100%        8
 Disjunction              Tloc           0%         N/A       100%        8
 Maxwell's Capacitive Co  Air            0%         ∞         100%        8


Dungeon Overview and Level Annotations

Branches:
Dungeon (15/15)            Temple (0/1) D:5            Lair (5/5) D:8
  Swamp (1/4) Lair:3       Spider (0/4) Lair:2        Slime (0/5) Lair:5
    Orc (2/2) D:12            Elf (0/3) Orc:2        Vaults (0/5) D:13
 Depths (0/4) D:15

Altars:
Cheibriados
Qazlal
Sif Muna
Uskayaw
Vehumet
Jiyva

Shops:
D:4 :   D:5 [   D:11 (   Orc:1 :   Orc:2 =*::

Portals:
Trove: D:11 (give 13 potions of heal wounds)


Innate Abilities, Weirdness & Mutations

You can walk on water.
You are agile. (Dex +4, Str/Int -1)
You expend magic power (3 MP) to strengthen your wands.


Message History

The seven-headed hydra grows two more!
You hit the nine-headed hydra.
Space warps around the nine-headed hydra.
The nine-headed hydra is lightly wounded.
You hit the vampire mosquito.
Space warps around the vampire mosquito.
You lop one of the eight-headed hydra's heads off!
The seven-headed hydra grows two more!
You hit the nine-headed hydra.
The nine-headed hydra blinks!
You block the vampire mosquito's attack.
You block the nine-headed hydra's attack.
The nine-headed hydra bites you but does no damage.
You block the nine-headed hydra's attack. x2
The nine-headed hydra bites you!
* * * LOW HITPOINT WARNING * * *
The nine-headed hydra bites you!
* * * LOW HITPOINT WARNING * * *
The nine-headed hydra misses you.
The nine-headed hydra bites you but does no damage.
The nine-headed hydra closely misses you.
The vampire mosquito misses you.
Unknown command.
Unknown command.
You hack one of the nine-headed hydra's heads off!
The eight-headed hydra grows two more!
You slash the ten-headed hydra!
Space warps around the ten-headed hydra.
The ten-headed hydra is lightly wounded.
You closely miss the vampire mosquito.
You block the vampire mosquito's attack.
You block the ten-headed hydra's attack.
The ten-headed hydra bites you but does no damage.
You block the ten-headed hydra's attack. x2
The ten-headed hydra completely misses you.
The ten-headed hydra bites you but does no damage.
The ten-headed hydra bites you.
* * * LOW HITPOINT WARNING * * *
The ten-headed hydra bites you.
* * * LOW HITPOINT WARNING * * *
The ten-headed hydra bites you but does no damage.
The ten-headed hydra bites you!
You die...

#..####.......o..........#
#...##....#.###.#.......P#
#....##...### ##...#.#..##
###..###....######....##...#
.#...####..P.P#~#.....##...#
.....#.##.....≈≈~≈≈..#.#..##
.............≈≈≈~§§♣......#
............≈≈≈~~§§§♣≈....#
...........♣≈D≈≈@y§§♣♣#...#
...........≈♣≈≈~D§≈♣♣..#..#
.............♣≈≈§~≈≈..#...#
.............♣≈♣≈≈...###..##
......................##...#
.....................#.....#
..........................##
..........................#
.######.#.####.###.###P.###


You could see a ten-headed hydra, a nine-headed hydra and a vampire mosquito.

Vanquished Creatures
  Gastronok (D:10)
  A frost giant (D:15)
  A shambling mangrove (Swamp:1)
  Josephine (D:11)
  2 hydras
  Erolcha (D:10)
  A catoblepas (Lair:5)
  5 two-headed ogres
  2 centaur warriors (D:14)
  A dancing weapon (D:13)
  2 boulder beetles
  2 occultists (D:15)
  6 death yaks (Lair:5)
  A naga sharpshooter (D:15)
  2 skysharks
  A fire crab (D:15)
  A salamander mystic (D:15)
  2 orb spiders
  A swamp dragon (Swamp:1)
  3 orc knights
  2 arcanists (D:15)
  Pikel (Lair:1)
  3 starcursed masses (Abyss:2)
  A deep elf pyromancer (D:15)
  Maurice (D:9)
  4 ugly things
  2 salamanders (D:15)
  A worldbinder (Abyss:2)
  2 black mambas
  3 cyclopes
  11 elephants
  3 manticores
  Joseph (D:7)
  A rust devil (D:15)
  3 gargoyles (D:15)
  An unseen horror (D:11)
  Maggie (D:10)
  7 cane toads
  3 rime drakes
  A kobold demonologist (D:10)
  2 yaktaurs (D:15)
  Psyche (D:8)
  4 komodo dragons
  6 trolls
  A harpy zombie (Abyss:2)
  3 polar bears
  A wolf spider simulacrum (D:15)
  4 hornets
  A raiju (shapeshifter) (D:15)
  2 blink frogs (Lair:5)
  4 raiju
  A shadow (D:9)
  3 wyverns
  A vampire (D:10)
  Eustachio (D:5)
  An air elemental (D:15)
  3 wraiths
  31 yaks
  Grum (D:10)
  3 vampire mosquitoes
  A basilisk (D:14)
  3 steam dragons
  A swamp worm (Swamp:1)
  A small abomination (Abyss:2)
  3 acid dragons
  Duvessa (D:5)
  10 water moccasins
  4 sky beasts
  A swamp drake (Swamp:1)
  9 orc warriors
  4 ice beasts
  A meliai simulacrum (D:15)
  A black bear (D:6)
  2 laughing skulls
  2 ogres (Orc:2)
  3 wolves (D:10)
  9 centaurs
  2 lemures (Lair:1)
  2 phantoms
  A kobold brigand (D:10)
  12 bullfrogs
  2 gnoll sergeants
  4 scorpions
  15 wights
  Dowan (D:5)
  3 killer bees (D:9)
  3 howler monkeys
  A quasit (Abyss:2)
  A gnoll bouda (D:9)
  4 hounds
  A wyvern simulacrum (D:9)
  2 bombardier beetles
  3 jellies
  7 orc priests
  Jessica (D:2)
  2 iguanas
  5 orc wizards
  A sleepcap (D:6)
  5 hell rats (Lair:5)
  Natasha (thrice) (D:2)
  A centaur simulacrum (D:9)
  Robin (D:2)
  11 gnolls
  5 adders
  4 shadow imps
  9 white imps
  2 ribbon worms
  2 dart slugs
  28 orcs
  6 endoplasms
  A giant cockroach (D:1)
  16 goblins
  11 hobgoblins
  2 jackals (D:4)
  3 quokkas
  5 ball pythons
  4 bats
  2 frilled lizards
  13 kobolds
  5 rats
431 creatures vanquished.

Vanquished Creatures (collateral kills)
  A minotaur (D:12)
  A vault guard (D:13)
  3 hydras
  An ogre mage (D:15)
  A boulder beetle (D:12)
  A catoblepas (Lair:5)
  The ghost of Etzysuoth the Martial Artist, a journeyman DsWr of Qazlal (D:12)
  3 death yaks (Lair:5)
  A two-headed ogre (D:10)
  A hell knight (D:15)
  4 orc high priests (Orc:2)
  Sonja (D:11)
  2 fire crabs (D:15)
  A sea snake (shapeshifter) (D:15)
  2 arcanists (D:15)
  2 orc knights (Orc:2)
  2 salamanders (D:15)
  3 deep elf pyromancers (D:15)
  A manticore (D:13)
  An orc sorcerer (Orc:2)
  An ugly thing (D:13)
  12 elephants
  A black mamba (Lair:3)
  3 gargoyles (D:15)
  4 cane toads
  A freezing wraith (D:15)
  A rime drake (Lair:5)
  A yaktaur (D:15)
  An efreet (D:15)
  A tengu conjurer (D:13)
  2 komodo dragons
  A polar bear (Lair:4)
  3 hornets
  A raiju (shapeshifter) (D:15)
  2 raiju (D:15)
  2 blink frogs (Lair:5)
  9 yaks
  2 wyverns (Lair:2)
  A water elemental (D:15)
  4 wraiths (D:11)
  A spriggan (Swamp:1)
  4 basilisks
  2 vampire mosquitoes
  A water moccasin (Lair:5)
  8 orc warriors
  A centaur (D:14)
  A kobold brigand (D:10)
  2 bullfrogs (Lair:3)
  2 electric eels
  6 orc priests (Orc:2)
  An orc wizard (Orc:2)
  6 orcs
121 creatures vanquished.

Vanquished Creatures (others)
  An orc warlord (Swamp:1)
  A deep elf pyromancer (D:15)
  2 orc sorcerers
  3 orc knights
  A basilisk (D:15)
  17 orc warriors
  15 orc priests
  3 orc wizards
  A white imp (D:5)
  28 orcs
  8 foxfires (Swamp:1)
80 creatures vanquished.

Grand Total: 632 creatures vanquished

Notes
Turn   | Place    | Note
-------+----------+-------------------------------------------
     0 | D:1      | Laraso the Hill Orc Fighter began the quest for the Orb.
     0 | D:1      | Reached XP level 1. HP: 19/19 MP: 1/1
    99 | D:1      | Reached XP level 2. HP: 26/26 MP: 2/2
   242 | D:1      | Noticed a golden eye
   244 | D:1      | Found a faded altar of an unknown god.
   245 | D:1      | Noticed an eye of devastation
   245 | D:1      | Noticed a great orb of eyes
   245 | D:1      | Noticed a shining eye
   529 | D:1      | Reached XP level 3. HP: 29/31 MP: 3/3
   623 | D:2      | Noticed Jessica
   628 | D:2      | Killed Jessica
   629 | D:2      | Reached skill level 5 in Axes
   667 | D:2      | Reached XP level 4. HP: 39/39 MP: 4/4
   928 | D:2      | Noticed Natasha
   941 | D:2      | Killed Natasha
   998 | D:2      | Noticed Natasha
  1004 | D:2      | Killed Natasha
  1005 | D:2      | Reached XP level 5. HP: 30/45 MP: 5/5
  1070 | D:2      | Noticed Robin
  1193 | D:2      | Killed Robin
  1336 | D:2      | Noticed Natasha
  1344 | D:2      | Killed Natasha
  1616 | D:2      | Found a hide-covered altar of Uskayaw.
  2319 | D:3      | Identified the +1 leather armour of Stained Music {rPois
                  | rF- Will+ Int+2}
  2603 | D:4      | Reached XP level 6. HP: 49/51 MP: 6/6
  2716 | D:4      | Found Mycizyo's Book Emporium.
  2722 | D:4      | Reached XP level 7. HP: 55/57 MP: 7/7
  3041 | D:5      | Entered Level 5 of the Dungeon
  3059 | D:5      | Reached skill level 10 in Axes
  3125 | D:5      | Noticed Dowan
  3126 | D:5      | Noticed Duvessa
  3127 | D:5      | Found Ebuesk's Antique Armour Shoppe.
  3136 | D:5      | Killed Duvessa
  3145 | D:5      | Killed Dowan
  3157 | D:5      | Reached XP level 8. HP: 27/64 MP: 8/8
  3374 | D:5      | Noticed a troll
  3409 | D:5      | Noticed Eustachio
  3413 | D:5      | Became a worshipper of Beogh the Brigand
  3433 | D:5      | Killed Eustachio
  3700 | D:5      | Found a staircase to the Ecumenical Temple.
  3813 | D:5      | Killed a troll
  4299 | D:6      | Reached XP level 9. HP: 61/69 MP: 9/9
  4471 | D:6      | Reached skill level 15 in Axes
  4599 | D:6      | Reached * piety under Beogh
  5596 | D:7      | Identified the +5 dagger of Hypluaj {antimagic, rCorr
                  | Str+2}
  5774 | D:7      | Noticed Joseph
  5790 | D:7      | Killed Joseph
  6017 | D:8      | Found a staircase to the Lair.
  6119 | D:8      | Noticed Psyche
  6126 | D:8      | Killed Psyche
  6127 | D:8      | Reached XP level 10. HP: 74/88 MP: 10/10
  6809 | D:8      | Noticed a cyclops
  6825 | D:8      | Noticed Pikel
  6832 | Lair:1   | Entered Level 1 of the Lair of Beasts
  7025 | Lair:1   | Noticed a cane toad
  7040 | Lair:1   | Killed a cane toad
  7355 | Lair:1   | Reached skill level 10 in Fighting
  7900 | Lair:2   | Noticed a cane toad
  7920 | Lair:2   | Killed a cane toad
  7999 | Lair:2   | Noticed a seven-headed hydra
  8086 | Lair:1   | Killed Pikel
  8260 | Lair:1   | Killed a cyclops
  8852 | D:8      | Reached skill level 5 in Invocations
  8861 | D:8      | Reached XP level 11. HP: 104/104 MP: 13/15
  9251 | D:9      | Reached ** piety under Beogh
  9295 | D:9      | Found a stormy altar of Qazlal.
  9298 | D:9      | Found a snail-covered altar of Cheibriados.
  9301 | D:9      | Reached skill level 1 in Dodging
  9621 | D:9      | Noticed Maurice
  9636 | D:9      | Reached skill level 5 in Armour
  9641 | D:9      | Something stole a ring of protection from fire
  9642 | D:9      | Something stole a +5 flail
  9644 | D:9      | Killed Maurice
  9673 | D:9      | Found a shimmering blue altar of Sif Muna.
 10279 | D:10     | Entered Level 10 of the Dungeon
 10349 | D:10     | Paralysed by a hornet for 1 turns
 10358 | D:10     | Paralysed by a hornet for 2 turns
 10536 | D:10     | Identified the +0 robe "Piuruuci" {Rampage rF+ rN+ Int+2}
 10569 | D:10     | Noticed a two-headed ogre
 10610 | D:10     | Identified the ring "Faosun" {Str+6 Int+4}
 10701 | D:10     | Identified the ring "Ixereuza" {rElec rN+ Will+ AC+4 Str-5}
 10763 | D:10     | Noticed a two-headed ogre
 10772 | D:9      | Killed a two-headed ogre
 10938 | D:10     | Reached *** piety under Beogh
 10950 | D:10     | Noticed a brown ugly thing
 10951 | D:10     | Noticed a white ugly thing
 10958 | D:10     | Killed a white ugly thing
 10968 | D:10     | Killed a white ugly thing
 11042 | D:10     | Reached skill level 5 in Dodging
 11055 | D:10     | Noticed Erolcha
 11061 | D:10     | Killed Erolcha
 11062 | D:10     | Reached XP level 12. HP: 91/112 MP: 17/17
 11097 | D:10     | Noticed a two-headed ogre
 11101 | D:10     | Killed a two-headed ogre
 11177 | D:10     | Gained Warrok as an ally
 11224 | D:10     | Noticed Gastronok
 11237 | D:10     | Killed Gastronok
 11238 | D:10     | Reached skill level 10 in Armour
 11283 | D:10     | Gained Marbaugh as an ally
 11331 | D:10     | Noticed Grum
 11340 | D:10     | Killed Grum
 11411 | D:10     | Killed a two-headed ogre
 11530 | D:10     | Noticed Maggie
 11542 | D:10     | Killed Maggie
 12070 | D:11     | Noticed Josephine
 12070 | D:11     | Noticed Sonja
 12078 | D:11     | Killed Sonja
 12080 | D:11     | Killed Josephine
 12220 | D:11     | Reached **** piety under Beogh
 12474 | D:11     | Noticed a two-headed ogre
 12479 | D:11     | Killed a two-headed ogre
 12560 | D:11     | Found a portal to a secret trove of treasure.
 12615 | D:11     | Found Zuejegha's Weapon Shoppe.
 12775 | D:12     | Noticed a boulder beetle
 12778 | D:12     | Found a radiant altar of Vehumet.
 12806 | D:11     | Killed a boulder beetle
 13108 | D:12     | Noticed a two-headed ogre
 13108 | D:12     | Noticed Etzysuoth's ghost (journeyman DsWr)
 13110 | D:12     | Noticed a minotaur
 13111 | D:12     | Noticed a boulder beetle
 13129 | D:12     | Found a runed translucent gate.
 13129 | D:12     | Found a runed translucent gate.
 13129 | D:12     | Found a runed translucent gate.
 13182 | D:12     | Noticed a boulder beetle
 13185 | D:12     | Found a staircase to the Orcish Mines.
 13197 | D:12     | Killed a boulder beetle
 13358 | Lair:2   | Found a hole to the Spider Nest.
 13380 | Lair:2   | Reached XP level 13. HP: 87/118 MP: 18/18
 13419 | Lair:2   | Your ally Marbaugh died
 14388 | Lair:3   | Identified a scroll of acquirement
 14390 | Lair:3   | Acquired a manual of Invocations
 14397 | Lair:3   | Reached skill level 15 in Armour
 14397 | Lair:3   | Reached skill level 10 in Invocations
 14397 | Lair:3   | Reached XP level 14. HP: 125/126 MP: 18/21
 14719 | Lair:3   | Found a staircase to the Swamp.
 15025 | Lair:3   | Reached ***** piety under Beogh
 15025 | Lair:3   | Gained Orik as an ally
 15677 | Lair:4   | Acquired 773 gold pieces
 16308 | Lair:5   | Entered Level 5 of the Lair of Beasts
 16412 | Lair:5   | Gained Brandogh as an ally
 16915 | Lair:5   | Found a viscous altar of Jiyva.
 16915 | Lair:5   | Found a staircase to the Slime Pits.
 17095 | Lair:5   | Reached XP level 15. HP: 139/139 MP: 22/22
 17100 | Lair:5   | Reached skill level 15 in Fighting
 18153 | D:12     | Killed Etzysuoth's ghost
 18175 | D:12     | Identified the amulet "Kufis" {Reflect rN+ SH+5}
 18307 | D:5      | Bought a tower shield for 108 gold pieces
 18628 | D:13     | Found a gate to the Vaults.
 18720 | D:13     | Reached skill level 5 in Shields
 19803 | D:15     | Entered Level 15 of the Dungeon
 20022 | D:15     | Reached ****** piety under Beogh
 20443 | D:15     | Found a staircase to the Depths.
 20444 | D:15     | Noticed a frost giant
 20457 | D:15     | Killed a frost giant
 20465 | D:15     | Got the Enchiridion on the Atmosphere
 20675 | D:15     | Learned a level 3 spell: Swiftness
 20680 | D:15     | Learned a level 4 spell: Animate Armour
 20761 | Abyss:2  | Cast into level 2 of the Abyss (an occultist)
 20881 | Abyss:2  | Gained mutation: You are agile. (Dex +4, Str/Int -1)
                  | [potion of mutation]
 20881 | Abyss:2  | Gained mutation: You expend magic power (3 MP) to
                  | strengthen your wands. [potion of mutation]
 21018 | Abyss:2  | Reached skill level 10 in Shields
 21035 | Abyss:2  | Noticed a tentacled starspawn
 21038 | D:15     | Escaped the Abyss
 21602 | D:15     | Reached XP level 16. HP: 143/152 MP: 23/23
 22168 | Orc:1    | Entered Level 1 of the Orcish Mines
 22571 | Orc:1    | Found Quwanunlirr's Book Shop.
 22777 | Orc:2    | Entered Level 2 of the Orcish Mines
 22968 | Orc:2    | Gained Garbold as an ally
 23116 | Orc:2    | Gained Thorok as an ally
 23125 | Orc:2    | Your ally Thorok died
 23128 | Orc:2    | Your ally Garbold died
 23429 | Orc:2    | Found Oquem's Book Shoppe.
 23429 | Orc:2    | Found Giqodoos's Jewellery Shoppe.
 23430 | Orc:2    | Found Inoum's Book Shoppe.
 23430 | Orc:2    | Found Bynticen's General Store.
 23440 | Orc:2    | Bought a potion of curing for 36 gold pieces
 23440 | Orc:2    | Bought a potion of curing for 36 gold pieces
 23440 | Orc:2    | Bought a +2 pair of boots for 198 gold pieces
 23681 | Orc:2    | Found a staircase to the Elven Halls.
 23914 | Orc:2    | Bought a book of the Warp for 714 gold pieces
 23914 | Orc:2    | Bought a book of Minor Magic for 272 gold pieces
 23917 | Orc:2    | Learned a level 2 spell: Blink
 24255 | Swamp:1  | Entered Level 1 of the Swamp
 24328 | Swamp:1  | Your ally Warrok died
 24335 | Swamp:1  | Noticed a fenstrider witch
 24336 | Swamp:1  | Paralysed by a fenstrider witch for 5 turns
 24344 | Lair:3   | HP: 5/152 [ten-headed hydra (5)]
 24344 | Lair:3   | HP: 1/152 [ten-headed hydra (4)]
 24344 | Lair:3   | Mangled by a ten-headed hydra

Illustrated notes

Levels and vault maps discovered:
D:1:      amcnicky_arrival_single_pillar, layout_basic,
          hellmonk_ecumenical_altar_watching_god, grunt_decor_fettered,
          minmay_split_cup_large
D:2:      layout_loops_ring, basic_altar, uniq_natasha, uniq_crazy_yiuf_cottage,
          uniq_jessica, uniq_robin
D:3:      layout_loops_ring, kennysheep_generic_room_8
D:4:      layout_cave_pools, serial_shops, nicolae_book_shop_shelving,
          hangedman_abyss_or_decor_lesser_grid
D:5:      layout_rooms, minmay_temple_entry_purple_smoke, serial_shops, shop,
          uniq_duvessa, uniq_eustachio
D:6:      layout_gridville
D:7:      layout_loops_ring, minivault_5, uniq_joseph
D:8:      minmay_curly_fans, layout_loops_ring, grunt_decor_junction,
          minmay_puff, uniq_psyche, uniq_pikel
D:9:      layout_cave_pods, grunt_temple_overflow_open, led_sif_pool,
          serial_ice, serial_ice_i, serial_ice_h, serial_ice_o, serial_ice_e,
          serial_ice_d, uniq_maurice
D:10:     minmay_ornate_pinched, layout_loops_cross, uniq_grum, uniq_gastronok,
          uniq_erolcha, uniq_maggie
D:11:     layout_rooms, enter_trove_6, serial_shops,
          nicolae_shop_bloodbath_and_beyond, uniq_sonja, uniq_josephine
D:12:     layout_cross, maelrawn_ghost_gauntlet_escape, vehumet_altar_wand_db
D:13:     layout_rooms, erik_vaults_1, lemuel_flame_loot_1
D:14:     layout_long_grid, minmay_misc_feat_four_crosses, grunt_ministairs_8
D:15:     hangedman_crystal_crosses_colossus [crystal_crosses_arms_four,
          crystal_crosses_arms_one, crystal_crosses_arms_one]
Lair:1:   layout_chaotic_city
Lair:2:   layout_cave_pods, nicolae_spider_entry_orb_guardian
Lair:3:   layout_small_grid, swamp_mist_pool, serial_rivers,
          chequers_serial_rivers_micro_e, chequers_serial_rivers_room_b,
          chequers_serial_rivers_micro_a, chequers_serial_rivers_marsh,
          chequers_serial_rivers_micro_d, chequers_serial_rivers_small_3,
          serial_bayou_shore_b
Lair:4:   layout_long_grid, infiniplex_staircase_pool
Lair:5:   evilmike_catoblepas_cave, layout_small_grid, slime_entry_1,
          grunt_megastairs_2
Swamp:1:  layout_falls_marsh, evilmike_swamp_ruin_house_2, grunt_witch_cave,
          infiniplex_staircase_pool_2, nicolae_swamp_tree_isthmus
Orc:1:    layout_diamond_mine, serial_shops, shop, abandoned_shop
Orc:2:    st_orc_pillars, layout_diamond_mine

Skill      XL: |  1  2  3  4  5  6  7  8  9 10 11 12 13 14 15 16 |
---------------+-------------------------------------------------+-----
Axes           | 3 4 5 7 8 9 11 14 16 | 16.0
Fighting       | 8 12 14 16 | 16.5
Invocations    | 6 7 10 11 | 11.7
Armour         | 8 13 15 16 | 16.0
Dodging        | 5 8 |  8.0
Shields        | 11 12 | 12.7

Action                     |  1- 3 |  4- 6 |  7- 9 | 10-12 | 13-15 | 16-18 || total
---------------------------+-------+-------+-------+-------+-------+-------++-------
  Melee: War axe           |    58 |   171 |   234 |   486 |   432 |   128 ||  1509
         Flail             |       |       |       |       |    11 |       ||    11
 Invoke: Convert to Beogh  |       |       |     1 |       |       |       ||     1
         Recall Orcish Fol |       |       |       |       |     8 |     3 ||    11
         Give Item to Name |       |       |       |       |     3 |       ||     3
  Evoke: Wand              |       |       |       |     2 |       |       ||     2
    Use: Scroll            |       |     4 |     4 |     9 |    14 |     2 ||    33
         Potion            |       |       |     4 |       |    12 |     1 ||    17
   Stab: Distracted        |       |       |       |       |     5 |     1 ||     6
 Armour: Scale mail        |    47 |    61 |       |    24 |       |       ||   132
         Plate armour      |       |    93 |   200 |   393 |   339 |       ||  1025
         Troll leather arm |       |       |       |     5 |       |       ||     5
         Ice dragon scales |       |       |       |       |     1 |     5 ||     6
         Fire dragon scale |       |       |       |       |       |    62 ||    62
  Dodge: Dodged            |    26 |    63 |    46 |   148 |   173 |    29 ||   485
  Block: Buckler           |    14 |    37 |    36 |    98 |    50 |       ||   235
         Tower shield      |       |       |       |       |   143 |   108 ||   251
         Reflection        |       |       |       |       |    29 |    10 ||    39

Table legend: (Time is in decaauts)
 A = Elapsed time spent in this place.
 B = Non-inter-level travel time spent in this place.
 C = Inter-level travel time spent in this place.
 D = Time resting spent in this place.
 E = Time spent auto-exploring this place.
 F = Levels seen in this place.
 G = Mean time per level.
                   A        B        C        D        E       F      G
               +--------+--------+--------+--------+--------+-----+--------+
         Total |  24217 |  22326 |   1891 |   4177 |  13861 |  24 | 1009.0 |
       Dungeon |  15790 |  14491 |   1299 |   2712 |   8864 |  15 | 1052.7 |
          Lair |   6205 |   5803 |    402 |    999 |   3897 |   5 | 1241.0 |
         Swamp |     73 |     73 |      0 |      0 |     14 |   1 |   73.0 |
  Orcish Mines |   1879 |   1691 |    188 |    297 |   1085 |   2 |  939.5 |
         Abyss |    268 |    268 |      0 |    169 |      0 |   1 |  268.0 |
               +--------+--------+--------+--------+--------+-----+--------+

Top non-repeatable levels by time:
    D:15: 1667 daAuts
  Lair:1: 1537 daAuts
     D:9: 1529 daAuts
    D:10: 1452 daAuts
     D:8: 1315 daAuts
  Lair:4: 1250 daAuts
     D:2: 1219 daAuts
   Orc:2: 1208 daAuts
  Lair:3: 1179 daAuts
  Lair:5: 1152 daAuts
     D:6: 1122 daAuts
     D:7: 1086 daAuts
     D:5: 1085 daAuts
  Lair:2: 1084 daAuts
    D:11: 1076 daAuts
